 Dungeon Crawl Stone Soup version 0.20-a0-435-gf4ea4dd (webtiles) character file.

196 Asddderdsw the Gusty (level 5, -6/40 HPs)
             Began as a Draconian Air Elementalist on Jan 5, 2017.
             Mangled by a hippogriff (9 damage)
             ... on level 9 of the Dungeon.
             The game lasted 00:39:08 (2427 turns).

Asddderdsw the Gusty (Draconian Air Elementalist)   Turns: 2427, Time: 00:39:11

Health: -6/40      AC:  5    Str: 11    XL:     5   Next: 46%
Magic:  9/9        EV: 12    Int: 20    God:
Gold:   128        SH:  0    Dex: 11    Spells: 8/9 levels left

rFire  . . .     SeeInvis .     c - +7 rapier "Huimin Xet" {pierce, rC+ Int+4}
rCold  + . .     Gourm    .     (armour unavailable)
rNeg   . . .     Faith    .     (no shield)
rPois  .         Spirit   .     (helmet restricted)
rElec  .         Reflect  .     (no cloak)
rCorr  .         Harm     .     (no gloves)
MR     .....                    (no boots)
Stlth  ++........               (no amulet)
                                (no ring)
                                (no ring)

@: no status effects
A: unfitting armour, cold-blooded, AC +5
a: no special abilities


You were on level 9 of the Dungeon.
You were not hungry.

You visited 1 branch of the dungeon, and saw 9 of its levels.

You collected 128 gold pieces.

Inventory:

Hand Weapons
 c - the +7 rapier "Huimin Xet" (weapon) {pierce, rC+ Int+4}
   (You found it on level 7 of the Dungeon)

   It inflicts extra damage upon your enemies.
   It affects your intelligence (+4).
   It protects you from cold.
 d - a +0 club
 i - a +0 dagger
 u - a +3 trident of pain
 w - a cursed -2 whip
 y - a +0 trident
 A - a +0 shortbow
 E - a +0 halberd
Missiles
 e - 37 bolts
 g - 8 needles of confusion
 h - 47 stones (quivered)
 o - 14 poisoned needles
Armour
 D - the +2 leather armour of a bailey {Dex+2, unknown}
   (You found it on level 4 of the Dungeon)

   It affects your dexterity (+2).
Jewellery
 j - a +1 ring of protection
 r - an uncursed ring of poison resistance
Potions
 l - a potion of brilliance {unknown}
 m - a potion of curing {unknown}
 n - 4 potions of ambrosia {unknown}
 p - 3 potions of heal wounds {unknown}
 q - a potion of mutation {unknown}
 t - 2 potions of cure mutation {unknown}
 v - a potion of degeneration {unknown}
 z - a potion of haste {unknown}
 C - a potion of might {unknown}
Books
 a - a book of Air

   Spells                             Type                      Level
   a - Shock                          Conjuration/Air              1
   b - Swiftness                      Charms/Air                   2
   c - Repel Missiles                 Charms/Air                   2
   d - Static Discharge               Conjuration/Air              3
   e - Lightning Bolt                 Conjuration/Air              5
Comestibles
 b - 2 bread rations
 f - a royal jelly
 s - a beef jerky
 B - 2 fruits


   Skills:
 + Level 1.2 Fighting
 + Level 0.6 Maces & Flails
 + Level 1.0 Polearms
 + Level 2.4 Dodging
 + Level 2.5 Stealth
 + Level 0.4 Unarmed Combat
 + Level 2.9 Spellcasting
 + Level 1.8 Conjurations
 + Level 4.1 Air Magic


You had 8 spell levels left.
You knew the following spells:

 Your Spells              Type           Power        Failure   Level  Hunger
a - Shock                 Conj/Air       ##..         4%          1    None


Dungeon Overview and Level Annotations

Branches:
Dungeon (9/15)
 Temple: D:4-7         Lair: D:8-11         Orc: D:9-12

Altars:
Nemelex Xobeh
Qazlal

Annotations:
D:3 Asddderdsw's ghost, weakling DECj
D:5 Guenter's ghost, novice DsMo
D:6 Blork the orc
D:8 Psyche


Innate Abilities, Weirdness & Mutations

Your plain brown scales are hard. (AC +5)
You cannot fit into any form of body armour.
You are cold-blooded and may be slowed by cold attacks.


Message History

Psyche points at you and mumbles some strange words.
The magic dart hits you!
There is a stone staircase leading down here.
Psyche gestures at you while chanting. The magic dart hits you!
The hippogriff bites you.
* * * LOW HITPOINT WARNING * * *
The hippogriff barely misses you. The hippogriff completely misses you.
You climb downwards. 2 orcs and 2 orc wizards come into view.
An orc is wielding a short sword of speed.
The orc wizard shouts!
Found a leather armour.
There is a stone staircase leading up here.
It was a potion of cancellation.
You feel magically purged. The hippogriff bites you.
* * * LOW HITPOINT WARNING * * *
The hippogriff pecks you.
* * * LOW HITPOINT WARNING * * *
The hippogriff claws you!
You die...

.........#
.........#
.....o.[.#
......oo.#
.........#
.........######
....o..........
.......@H......
###############


You could see a hippogriff, 2 orc wizards and 2 orcs.

Vanquished Creatures
  A bullfrog zombie (D:5)
  A hound (D:4)
  A worker ant (D:7)
  A worker ant zombie (D:8)
  3 gnolls (D:6)
  2 adders
  A worm (D:3)
  A dart slug (D:4)
  4 leopard geckos
  An orc (D:4)
  2 giant cockroaches
  2 goblins
  4 hobgoblins
  2 quokkas (D:2)
  6 bats
  11 frilled lizards
  2 kobolds
  4 rats
  A plant (D:1)
50 creatures vanquished.

Notes
Turn   | Place    | Note
-------+----------+-------------------------------------------
     0 | D:1      | Asddderdsw the Draconian Air Elementalist began the quest for the Orb.
     0 | D:1      | Reached XP level 1. HP: 14/14 MP: 3/3
   228 | D:1      | Reached XP level 2. HP: 10/20 MP: 0/5
   627 | D:2      | Reached XP level 3. HP: 12/26 MP: 1/6
   757 | D:2      | Found a stormy altar of Qazlal.
  1118 | D:3      | Noticed Asddderdsw's ghost (weakling DECj)
  1381 | D:4      | Learned a level 3 spell: Static Discharge
  1402 | D:4      | Reached XP level 4. HP: 17/33 MP: 1/7
  1556 | D:4      | Noticed a phantom
  1638 | D:4      | Got a transparent leather armour
  1641 | D:5      | Entered Level 5 of the Dungeon
  1661 | D:5      | Reached skill level 1 in Fighting
  1734 | D:5      | Noticed Guenter's ghost (novice DsMo)
  1813 | D:6      | Reached XP level 5. HP: 40/40 MP: 4/9
  1830 | D:6      | Reached skill level 4 in Air Magic
  1875 | D:6      | Noticed Blork the orc
  2076 | D:7      | Found a sparkling altar of Nemelex Xobeh.
  2078 | D:7      | Got a steaming rapier
  2121 | D:7      | Noticed a centaur
  2142 | D:8      | Identified the +7 rapier "Huimin Xet" {pierce, rC+ Int+4} (You found it on level 7 of the Dungeon)
  2235 | D:8      | Reached skill level 1 in Polearms
  2302 | D:8      | Noticed a hippogriff
  2421 | D:8      | Noticed Psyche
  2427 | D:9      | Mangled by a hippogriff

Vault maps used:
D:1:      scummos_arrival_gate, moated_statue, minmay_lizard_king
D:2:      grunt_qazlal_sundering
D:5:      first_bread
D:6:      uniq_blork_the_orc
D:7:      nemelex_xobeh_ov_fountains_minmay
D:8:      serial_shops, nicolae_shop_trees, uniq_psyche
D:9:      serial_shops, shop, grunt_pizzeria

Skill      XL: |  1  2  3  4  5 |
---------------+----------------+-----
Stealth        | 2 |  2.5
Dodging        | 2 |  2.4
Fighting       | 1 |  1.2
Air Magic      | 4 |  4.1
Polearms       | 1 |  1.0
Maces & Flails | |  0.6
Unarmed Combat | |  0.4
Spellcasting   | |  2.9
Conjurations   | |  1.8

Action                   |  1- 3 |  4- 6 || total
-------------------------+-------+-------++-------
Melee: Unarmed           |    22 |       ||    22
       Tailslap          |     8 |     2 ||    10
       Club              |    60 |       ||    60
       Trident           |    18 |    29 ||    47
       Rapier            |       |     5 ||     5
 Cast: Shock             |    62 |    32 ||    94
       Static Discharge  |     2 |     3 ||     5
  Use: Scroll            |     3 |     5 ||     8
       Potion            |       |     1 ||     1
  Eat: Chunk             |     2 |     3 ||     5
       Beef jerky        |       |     1 ||     1
Armor: Skin              |    43 |    11 ||    54
Dodge: Dodged            |    93 |    31 ||   124
